 Dungeon Crawl Stone Soup version 0.19.0-19-g8c6edcc (webtiles) character file.

1026 Monsterracer the Destroyer (level 8, -1/44 HPs)
             Began as a Deep Elf Conjurer on Nov 13, 2016.
             Was an Initiate of Vehumet.
             Slain by a hippogriff (5 damage)
             ... on level 7 of the Dungeon.
             The game lasted 00:19:48 (6661 turns).

Monsterracer the Destroyer (Deep Elf Conjurer)      Turns: 6661, Time: 00:19:49

Health: -1/44      AC:  4    Str:  4 (5)  XL:     8   Next: 2%
Magic:  1/15       EV: 14    Int: 23      God:    Vehumet [......]
Gold:   358        SH:  7    Dex: 18 (19) Spells: 4 memorised, 4 levels left

rFire  + + .     SeeInvis .     y - +0 dagger
rCold  . . .     Gourm    .     a - +0 robe
rNeg   . . .     Faith    .     A - +3 buckler of the Desolation of Salt {+Blink rF++ MR- rCorr}
rPois  .         Spirit   .     (no helmet)
rElec  .         Reflect  .     w - +0 cloak
rCorr  +         Harm     .     i - +0 pair of gloves
MR     .....                    (no boots)
Stlth  ++........               (no amulet)
                                n - ring of wizardry
                                o - +6 ring of dexterity

@: very slightly contaminated
A: talons 1, clumsy 1, low mp 1, sense surroundings 1, subdued magic 1
a: Renounce Religion, Evoke Blink


You were on level 7 of the Dungeon.
You worshipped Vehumet.
Vehumet was noncommittal.
You were near starving.

You visited 2 branches of the dungeon, and saw 8 of its levels.

You collected 358 gold pieces.

Inventory:

Hand Weapons
 y - a +0 dagger (weapon)
Armour
 a - a +0 robe (worn)
 i - a +0 pair of gloves (worn)
 w - a +0 cloak (worn)
 A - the +3 buckler of the Desolation of Salt (worn) {+Blink rF++ MR- rCorr}
   (You found it on level 6 of the Dungeon)

   It greatly protects you from fire.
   It affects your resistance to hostile enchantments.
   It lets you blink.
   It protects you from acid and corrosion.
Jewellery
 d - an uncursed ring of ice
 n - a ring of wizardry (right hand)
 o - a +6 ring of dexterity (left hand)
Scrolls
 e - 4 scrolls of remove curse {unknown}
 g - 2 scrolls of teleportation {unknown}
 h - 2 scrolls of noise {unknown}
 k - 4 scrolls of enchant weapon {unknown}
 l - 3 scrolls of magic mapping {unknown}
 m - 3 scrolls of fog {unknown}
 p - 3 scrolls of identify {unknown}
 q - 2 scrolls of blinking {unknown}
 r - a scroll of fear {unknown}
 t - 2 scrolls of amnesia {unknown}
 x - a scroll of enchant armour {unknown}
 z - a scroll of random uselessness {unknown}
Potions
 s - a potion of heal wounds
 B - a potion of curing
Books
 b - a book of Conjurations

   Spells                             Type                      Level
   a - Magic Dart                     Conjuration                  1
   b - Searing Ray                    Conjuration                  2
   c - Dazzling Spray                 Conjuration/Hexes            3
   d - Fulminant Prism                Conjuration/Hexes            4
   e - Iskenderun's Mystic Blast      Conjuration                  4
   f - Iskenderun's Battlesphere      Conjuration/Charms           5
Comestibles
 c - 3 bread rations
 f - 5 fruits
 j - a royal jelly
 u - 3 meat rations
 v - a slice of pizza


   Skills:
 + Level 1.9 Fighting
 + Level 4.1 Dodging
 - Level 2.4 Stealth
 * Level 0.1 Shields
 + Level 4.5 Spellcasting
 * Level 9.3 Conjurations
 * Level 4.0 Charms


You had 4 spell levels left.
You knew the following spells:

 Your Spells              Type           Power        Failure   Level  Hunger
a - Magic Dart            Conj           ####         1%          1    None
b - Searing Ray           Conj           #####.       1%          2    None
c - Iskenderun's Mystic   Conj           #####...     1%          4    ####...
d - Iskenderun's Battles  Conj/Chrm      ####....     12%         5    #####..


Dungeon Overview and Level Annotations

Branches:
Dungeon (7/15)             Temple (1/1) D:6

Altars:
Ashenzari
Cheibriados
Dithmenos
Elyvilon
Fedhas
Gozag
Hepliaklqana
Kikubaaqudgha
Makhleb
Nemelex Xobeh
Okawaru
Qazlal
Ru
Sif Muna
Trog
Uskayaw
Vehumet
Xom
Yredelemnul
Zin
The Shining One


Innate Abilities, Weirdness & Mutations

You have sharp toenails.
You are clumsy. (Dex -2)
Your magical capacity is low. (-10% MP)
You passively map a small area around you.
Your spells are a little easier to cast, but a little less powerful.


Message History

Casting: Iskenderun's Battlesphere
Confirm with . or Enter, or press ? or * to list all spells.
Aiming: Searing Ray
Press: ? - help, Shift-Dir - straight line, f/p - hippogriff
Aim: a hippogriff (heavily wounded)
The searing ray hits the hippogriff.
The hippogriff is severely wounded.
The hippogriff bites you!
* * * LOW HITPOINT WARNING * * *
The hippogriff pecks you.
* * * LOW HITPOINT WARNING * * *
The hippogriff claws you.
* * * LOW HITPOINT WARNING * * *
Unknown command.
The searing ray hits the hippogriff.
The hippogriff is severely wounded.
You block the hippogriff's attack. The hippogriff pecks you.
* * * LOW HITPOINT WARNING * * *
The hippogriff claws you.
You die...

, ,,.. *#### *,
#.* #..>## * *
#. .....# .
##.##$.....
..###...#.....#
,
.............#
*
..#...$H..#.#*
.......@....# ,
*
,.##.......###
, , *
*##...<.## , *
........## , ,
, ######.## , *
* , , * ## *
***, *, , , , *
> *


You could see a hippogriff.

Vanquished Creatures
  The ghost of no0bjke the Magician, an amateur DEAE (D:3)
  An ice beast (D:5)
  2 bullfrogs (D:6)
  2 scorpions (D:6)
  A water moccasin skeleton (D:6)
  A wight (D:6)
  A bullfrog zombie (D:6)
  A hound (D:4)
  A bullfrog skeleton (D:6)
  2 centaur skeletons
  An orc priest (D:6)
  3 orc wizards
  3 worker ants
  A hound skeleton (D:4)
  7 adders
  2 adder skeletons
  4 worms
  3 dart slugs
  2 leopard geckos
  15 orcs
  4 giant cockroaches
  9 goblins
  3 hobgoblins
  8 jackals
  2 quokkas
  A ball python (D:4)
  5 bats
  5 frilled lizards
  4 kobolds
  2 leopard gecko skeletons
  3 rats
100 creatures vanquished.

Notes
Turn   | Place    | Note
-------+----------+-------------------------------------------
     0 | D:1      | Monsterracer the Deep Elf Conjurer began the quest for the Orb.
     0 | D:1      | Reached XP level 1. HP: 10/10 MP: 6/6
   300 | D:1      | Reached XP level 2. HP: 15/15 MP: 4/8
   304 | D:1      | Learned a level 2 spell: Searing Ray
   495 | D:1      | Reached skill level 5 in Conjurations
  1449 | D:2      | Reached XP level 3. HP: 19/19 MP: 4/9
  1920 | D:2      | Reached skill level 6 in Conjurations
  2254 | D:3      | Reached XP level 4. HP: 24/24 MP: 4/10
  2540 | D:2      | Learned a level 4 spell: Iskenderun's Mystic Blast
  2793 | D:3      | Noticed no0bjke's ghost (amateur DEAE)
  2799 | D:3      | Killed no0bjke's ghost
  2799 | D:3      | Reached skill level 7 in Conjurations
  2799 | D:3      | Reached XP level 5. HP: 23/28 MP: 1/11
  3450 | D:3      | Found an iron altar of Okawaru.
  3587 | D:4      | Reached skill level 8 in Conjurations
  3587 | D:4      | Reached XP level 6. HP: 23/32 MP: 4/12
  3789 | D:4      | Gained mutation: You passively map a small area around you. [potion of mutation]
  3789 | D:4      | Gained mutation: Your spells are a little easier to cast, but a little less powerful. [potion of mutation]
  3789 | D:4      | Gained mutation: You have sharp toenails. [potion of mutation]
  3790 | D:4      | Gained mutation: You are clumsy. (Dex -2) [potion of mutation]
  3790 | D:4      | Gained mutation: Your magical capacity is low. (-10% MP) [potion of mutation]
  4186 | D:4      | Reached skill level 1 in Fighting
  4498 | D:5      | Entered Level 5 of the Dungeon
  4588 | D:5      | Noticed an ice beast
  4596 | D:5      | Killed an ice beast
  4783 | D:5      | Reached XP level 7. HP: 38/38 MP: 7/13
  4790 | D:5      | Learned a level 5 spell: Iskenderun's Battlesphere
  5335 | D:6      | Reached skill level 1 in Charms
  5740 | D:6      | Reached skill level 9 in Conjurations
  6064 | D:6      | Got a faintly humming buckler
  6070 | D:6      | Identified the +3 buckler of the Desolation of Salt {+Blink rF++ MR- rCorr} (You found it on level 6 of the Dungeon)
  6326 | D:6      | Reached XP level 8. HP: 44/44 MP: 8/15
  6427 | D:6      | Found a staircase to the Ecumenical Temple.
  6433 | Temple   | Entered the Ecumenical Temple
  6439 | Temple   | Became a worshipper of Vehumet
  6650 | D:7      | Noticed a hippogriff
  6661 | D:7      | Slain by a hippogriff

Skill      XL: |  1  2  3  4  5  6  7 |
---------------+----------------------+-----
Conjurations   | 5 6 7 8 9 |  9.3
Fighting       | 1 |  1.9
Dodging        | 3 4 |  4.1
Charms         | 4 |  4.0
Spellcasting   | 4 |  4.5
Stealth        | |  2.4
Shields        | |  0.1

Action                   |  1- 3 |  4- 6 |  7- 9 || total
-------------------------+-------+-------+-------++-------
Melee: Unarmed           |       |    20 |       ||    20
       Kick              |       |     2 |       ||     2
 Cast: Magic Dart        |    51 |    90 |    45 ||   186
       Searing Ray       |     6 |    16 |    12 ||    34
       Iskenderun's Batt |       |       |     1 ||     1
  Use: Potion            |     4 |     8 |       ||    12
  Eat: Chunk             |     3 |     8 |     5 ||    16
       Fruit             |       |     1 |       ||     1
Armor: Robe              |     3 |     7 |       ||    10
Dodge: Dodged            |     1 |    34 |    17 ||    52
Block: Buckler           |       |       |     5 ||     5
